 Dungeon Crawl Stone Soup version 0.29.1-2-gbd0b4ee654 (webtiles) character file.

Game seed: 4252182904574081533

11 tizbic2 the Grave Robber (level 2, -1/26 HPs)
             Began as an Ogre Necromancer on Oct 26, 2022.
             Frozen to death by an endoplasm (5 damage)
             ... on level 1 of the Dungeon.
             The game lasted 00:01:45 (278 turns).

tizbic2 the Grave Robber (Ogre Necromancer)          Turns: 278, Time: 00:01:45

Health: -1/26      AC:  3    Str: 11    XL:     2   Next: 25%
Magic:  1/5        EV: 10    Int: 16    God:
Gold:   14         SH:  0    Dex:  9    Spells: 5/6 levels left

rFire   . . .      SeeInvis .   (no weapon)
rCold   . . .      Faith    .   (no shield)
rNeg    . . .      Spirit   .   a - +0 robe
rPois   .          Reflect  .   (helmet restricted)
rElec   .          Harm     .   (no cloak)
rCorr   .          Rampage  .   (gloves unavailable)
Will    .....                   (boots unavailable)
Stlth   +.........              (no amulet)
HPRegen 0.08/turn               (no ring)
MPRegen 0.09/turn               (no ring)

@: no status effects
A: large, unfitting armour, tough skin 1
a: no special abilities


You were on level 1 of the Dungeon.
You visited 1 branch of the dungeon, and saw 1 of its levels.

You collected 14 gold pieces.

Inventory:

Missiles
 e - 4 poisoned darts
 f - 7 stones
Armour
 a - a +0 robe (worn)
Scrolls
 c - a scroll of identify {unknown}
Potions
 b - a potion of magic
 d - a potion of curing {unknown}


   Skills:
 + Level 0.6 Fighting
 * Level 2.1 Dodging
 - Level 1.4 Stealth
 * Level 2.8 Spellcasting
 + Level 3.7 Necromancy


You had 5 spell levels left.
You knew the following spells:

 Your Spells              Type           Power      Damage    Failure   Level
a - Necrotise             Necr           56%        1d6       4%          1

Your spell library contained the following spells:

 Spells                   Type           Power      Damage    Failure   Level
 Vampiric Draining        Necr           14%        2d7       13%         3
 Animate Dead             Necr           14%        N/A       38%         4
 Agony                    Necr           14%        N/A       75%         5


Dungeon Overview and Level Annotations

Branches:
Dungeon (1/15)

Altars:


Innate Abilities, Weirdness & Mutations

You are too large for most types of armour.
You have tough skin. (AC +1)


Message History

The jackal bites you but does no damage.
The jackal bites you. x3
Aiming: Necrotise (safe; 4% risk of failure)
Press: ? - help, Q - select action, (/) - cycle Shift-Dir - straight line, f - jackal
Aim: a jackal (heavily wounded, chance to affect: 83%)
The jackal writhes in agony.
You kill the jackal!
The dead are walking!
The jackal bites you.
* * * LOW HITPOINT WARNING * * *
The giant cockroach barely misses you.
You closely miss the giant cockroach.
The giant cockroach is moderately wounded.
The jackal bites you.
* * * LOW HITPOINT WARNING * * *
Your jackal skeleton bites the endoplasm.
The giant cockroach barely misses you.
You hit the giant cockroach.
The giant cockroach is almost dead.
The jackal barely misses you.
Your jackal skeleton bites the endoplasm.
The giant cockroach barely misses you. The jackal closely misses you.
You hit the giant cockroach but do no damage.
The giant cockroach is almost dead.
The jackal completely misses you.
Your jackal skeleton bites the endoplasm but does no damage.
The giant cockroach bites you.
* * * LOW HITPOINT WARNING * * *
Unknown command.
You hit the giant cockroach.
You kill the giant cockroach!
The jackal closely misses you.
Your jackal skeleton bites the endoplasm but does no damage.
The jackal bites you.
* * * LOW HITPOINT WARNING * * *
You hit the endoplasm.
The endoplasm is almost dead.
The jackal bites you but does no damage.
The endoplasm freezes you.
You are frozen.
You die...

. ###.. .....
#.#.##########...
........@JZ......
##.....#h.......
#.....#........
#.....#........
#.....#........
##########.....#........
#..............#........
#..............#########
#..............##


You could see an endoplasm (ally target), a jackal and a friendly jackal
skeleton.

Vanquished Creatures
  An endoplasm (D:1)
  A giant cockroach (D:1)
  2 hobgoblins (D:1)
  3 jackals (D:1)
  A ball python (D:1)
  A bat (D:1)
9 creatures vanquished.

Notes
Turn   | Place    | Note
-------+----------+-------------------------------------------
     0 | D:1      | tizbic2 the Ogre Necromancer began the quest for the Orb.
     0 | D:1      | Reached XP level 1. HP: 16/16 MP: 3/3
   264 | D:1      | Reached XP level 2. HP: 26/26 MP: 2/5
   278 | D:1      | Frozen to death by an endoplasm

Illustrated notes

Levels and vault maps discovered:
D:1:      lemuel_arrival_tunnels, layout_basic, minmay_tetromino_o2

Skill      XL: |  1 |
---------------+----+-----
Dodging        | 2 |  2.1
Fighting       | |  0.6
Stealth        | |  1.4
Spellcasting   | |  2.8
Necromancy     | |  3.7

Action                   || total
-------------------------++-------
Melee: Unarmed           ||    28
Throw: Dart              ||     1
 Cast: Necrotise         ||    12
Armor: Robe              ||    14
Dodge: Dodged            ||    27
